AoeStats
← denny "denny hasder" hasder

Hill Fort

506183888Analyzed
3v3 RM · 19d ago on Sep 12, 2026· 48m 24s· 6 players
Game mode
Random Map
Map size
Normal (6 player)
Population
200
Speed
Normal
Resources
Standard
Victory
Conquest
Starting age
Dark Age
Ending age
Imperial Age
RankedLock teamsTeams togetherTeam positionsShared explorationLock speedFull tech treeHidden civsTurbo modeCheats
Victory
Defeat
🇺🇸 Vikings · United States
1174
+15
🇦🇷 Magyars · Argentina
1162
+16
🇺🇸 Franks · United States
1002
+22
🇳🇱 Vietnamese · Netherlands
1215
-20
🇳🇱 Celts · Netherlands
1183
-19
🇳🇱 Huns · Netherlands
1070
-14
denny "denny hasder" hasder
11:29 Feudal Age
12:19 Double-Bit Axe
12:17 Horse Collar
17:28 Loom
20:12 Castle Age
18:06 Fletching
18:17 Padded Archer Armor
18:33 Forging
18:23 Scale Mail Armor
19:42 Stone Mining
19:44 Gold Mining
21:36 Bow Saw
23:04 Iron Casting
27:52 Squires
29:52 Fletching
30:03 Padded Archer Armor
30:19 Heavy Plow
30:53 Crossbowman
32:17 Bodkin Arrow
33:56 Leather Archer Armor
33:56 Chain Mail Armor
34:26 Chieftains
36:28 Pikeman
41:07 Imperial Age
42:16 Gold Shaft Mining
41:16 Arbalester
42:12 Bogsveigar
42:59 Bracer
43:12 Elite Berserk
44:14 Conscription
45:01 Ring Archer Armor
45:02 Plate Mail Armor
45:39 Blast Furnace
Muxi
9:50 Feudal Age
11:35 Loom
18:02 Castle Age
16:18 Double-Bit Axe
16:30 Horse Collar
18:51 Husbandry
18:44 Fletching
19:23 Bow Saw
21:34 Wheelbarrow
24:09 Bodkin Arrow
24:48 Padded Archer Armor
26:09 Gold Mining
27:19 Bloodlines
29:03 Leather Archer Armor
31:23 Hand Cart
32:20 Ballistics
32:00 Stone Mining
32:46 Gold Shaft Mining
36:04 Imperial Age
34:18 Scale Barding Armor
34:53 Scale Mail Armor
36:27 Chain Barding Armor
37:04 Bracer
38:17 Chemistry
37:43 Parthian Tactics
36:39 Heavy Cavalry Archer
37:45 Corvinian Army
37:47 Elite Magyar Huszar
40:02 Recurve Bow
43:24 Plate Barding Armor
43:21 Ring Archer Armor
45:44 Coinage
45:14 Caravan
49:11 Banking
Chuck Grape
5:53 Loom
9:20 Feudal Age
12:50 Double-Bit Axe
15:48 Forging
21:01 Castle Age
20:06 Gold Mining
21:13 Scale Barding Armor
22:26 Iron Casting
25:22 Chain Barding Armor
25:16 Bow Saw
26:39 Fletching
27:26 Bodkin Arrow
31:36 Wheelbarrow
32:13 Light Cavalry
32:53 Husbandry
36:05 Imperial Age
36:14 Cavalier
38:33 Plate Barding Armor
39:00 Blast Furnace
37:45 Paladin
39:28 Scale Mail Armor
40:07 Gold Shaft Mining
42:13 Hand Cart
Classic.
10:52 Feudal Age
9:22 Loom
14:42 Castle Age
13:23 Double-Bit Axe
16:06 Gold Mining
18:11 Scale Mail Armor
19:08 Squires
23:59 Loom
29:34 Padded Archer Armor
29:25 Fletching
30:16 Padded Archer Armor
32:25 Bodkin Arrow
33:21 Leather Archer Armor
37:28 Wheelbarrow
37:10 Chain Mail Armor
39:48 Imperial Age
40:40 Ballistics
40:38 Bracer
41:08 Ring Archer Armor
41:57 Chemistry
41:16 Hand Cart
42:24 Elite Rattan Archer
43:34 Elite Rattan Archer
DIEHARD
11:48 Feudal Age
13:07 Loom
16:35 Castle Age
14:51 Double-Bit Axe
19:35 Horse Collar
20:07 Bow Saw
20:06 Pikeman
22:04 Loom
22:06 Town Watch
25:59 Stone Mining
26:54 Scale Mail Armor
27:05 Forging
27:53 Arson
28:25 Chain Mail Armor
32:43 Iron Casting
34:46 Wheelbarrow
36:25 Stronghold
39:25 Imperial Age
39:44 Heavy Scorpion
42:40 Halberdier
44:04 Town Patrol
44:19 Hand Cart
46:40 Plate Mail Armor
RealLuckyluck
11:12 Feudal Age
10:34 Loom
17:46 Castle Age
16:08 Scale Mail Armor
18:07 Arson
21:10 Wheelbarrow
25:24 Horse Collar
26:46 Hand Cart
28:54 Heavy Plow
28:44 Double-Bit Axe
33:30 Marauders
37:33 Imperial Age
36:53 Scale Barding Armor
36:59 Forging
38:20 Chain Barding Armor
37:45 Elite Tarkan
40:03 Iron Casting
41:30 Plate Barding Armor
42:08 Blast Furnace
Connection lost

Rejoining the realm…

Still unreachable

The connection could not be restored.

Session expired

The server has moved on; the page needs a fresh start.